 Dungeon Crawl Stone Soup version 0.27.1-1-g398f81649c (webtiles) character file.

Game seed: 16573021859097767202

224 Kinoniko the Cudgeller (level 6, 0/37 HPs)
             Began as a Gargoyle Berserker on Sept 9, 2021.
             Was a Priest of Trog.
             Slain by an orc priest (4 damage)
             ... on level 3 of the Dungeon.
             The game lasted 00:03:30 (2883 turns).

Kinoniko the Cudgeller (Gargoyle Berserker)         Turns: 2883, Time: 00:03:30

Health: 0/37       AC: 14    Str: 22 (23) XL:     6   Next: 0%
Magic:  6/6        EV:  8    Int:  6 (7)  God:    Trog [***...]
Gold:   135        SH:  0    Dex: 14 (15) Spells: 5/5 levels left

rFire    . . .     SeeInvis +   a - +0 mace
rCold    . . .     Faith    .   (no shield)
rNeg     + . .     Spirit   .   g - +0 chain mail
rPois    ∞         Reflect  .   t - +0 helmet
rElec    +         Harm     .   (no cloak)
rCorr    .         Rampage  .   (no gloves)
Will     ++...                  (no boots)
Stlth    ..........             n - amulet of the acrobat
HPRegen  1.12/turn              k - +6 ring of dexterity
MPRegen  0.10/turn              l - ring of see invisible

@: brilliant, strong-willed, on berserk cooldown, attractive, regenerating,
slowed, very slow
A: sickness immunity, AC +4, negative energy resistance 1, electricity
resistance, torment resistance 1, petrification resistance
a: Renounce Religion, Berserk, Trog's Hand


You were on level 3 of the Dungeon.
You worshipped Trog.
Trog was most pleased with you.
You visited 1 branch of the dungeon, and saw 4 of its levels.

You collected 135 gold pieces.

Inventory:

Hand Weapons
 a - a +0 mace (weapon)
Armour
 b - a +0 animal skin
 g - a +0 chain mail (worn)
 s - a +2 ring mail of poison resistance
 t - a +0 helmet (worn)
Jewellery
 d - an amulet of reflection
 k - a +6 ring of dexterity (left hand)
 l - a ring of see invisible (right hand)
 n - an amulet of the acrobat (around neck)
Scrolls
 h - a scroll of silence
 j - a scroll of identify
 m - a scroll of teleportation {unknown}
 p - a scroll of holy word {unknown}
 q - a scroll of enchant weapon {unknown}
 u - a scroll of acquirement {unknown}
Potions
 e - a potion of curing


   Skills:
 - Level 3.2 Fighting
 * Level 5.8 Maces & Flails
 + Level 3.6 Armour
 - Level 1.5 Dodging


You had 5 spell levels left.
You didn't know any spells.
Your spell library was empty.

Dungeon Overview and Level Annotations

Branches:
Dungeon (4/15)
 Temple: D:4-7

Altars:
Gozag
Ru

Shops:
D:3 (


Innate Abilities, Weirdness & Mutations

You are immune to sickness and miasma.
Your stone body is resilient. (AC +4)
You are immune to poison.
You resist negative energy. (rN+)
You are resistant to electric shocks. (rElec)
You are resistant to unholy torment.
You are immune to petrification.


Message History

* * * LOW HITPOINT WARNING * * *
The orc misses you. The orc hits you but does no damage.
An orc wizard comes into view. It is wielding a +0 dagger.
The orc wizard is pulled toward you!
Unknown command.
Unknown command.
Unknown command.
As you read the scroll labelled EXZIPTOARI, it crumbles to dust.
It is a scroll of identify.
h - a scroll of silence The orc wizard shouts!
The orc priest calls down the wrath of Beogh upon you.
Pain shoots through your body!
* * * LOW HITPOINT WARNING * * *
The orc hits you but does no damage. The orc barely misses you.
The orc hits you but does no damage. The orc closely misses you.
The orc priest completely misses you. The orc wizard is pulled toward you!
Blink to where?
Press: ? - help, Dir - move target, f - you Are you sure you want to cancel this blink?
Blink to where?
Press: ? - help, Dir - move target
As you read the scroll labelled YNIUGU ICEDD, it crumbles to dust.
It was a scroll of blinking.
The orc is pulled toward you! The orc priest is pulled toward you!
The orc is pulled toward you! The orc priest is pulled toward you!
The orc wizard is pulled toward you!
The orc is pulled toward you! x2; The orc wizard is pulled toward you!
The orc priest looks braver for a moment.
The orc priest miscasts a cantrip.
The orc priest is pulled toward you! x2; The orc is pulled toward you! x2
There is a stone staircase leading up here.
Unknown command.
The orc hits you but does no damage. x2; The orc priest is pulled toward you!
You climb upwards.
There is a stone staircase leading down here.
Unknown command.
Your skin crawls.
You feel strong-willed.
The orc priest hits you with a +0 trident.
You die...

#................>...#
##....#######.##.###.#
#....# #.##.# #.#
#....# #.##.#
#.####### #....#
#..#.# #=......##
###'## ##.#.#
#.#####..# #.# #...#
#.######.##### #)#
##..# #.#.#.#††)#.#.
#.# #o@#
#.##.#..#..#.# #.#
##.# #.#.#..###..#.
####.# #.#
#.##..##.##..# .....#
#.###.#..##...##..
######
#.....#.##.....##.
#######..##..†##..
##†.##.##..#
#.#..#.#..#.
##†#.....#.#


You could see an orc priest.

Vanquished Creatures
  A hound (D:4)
  2 orc priests
  2 adders
  2 worms (D:3)
  4 dart slugs
  11 orcs
  5 endoplasms
  3 giant cockroaches
  5 goblins
  8 hobgoblins
  9 jackals
  4 quokkas
  9 ball pythons
  6 bats
  4 frilled lizards
  6 kobolds
  6 rats
87 creatures vanquished.

Notes
Turn   | Place    | Note
-------+----------+-------------------------------------------
     0 | D:1      | Kinoniko the Gargoyle Berserker began the quest for the
                  | Orb.
     0 | D:1      | Reached XP level 1. HP: 14/14 MP: 1/1
   248 | D:1      | Reached XP level 2. HP: 13/19 MP: 2/2
   607 | D:1      | Reached skill level 4 in Maces & Flails
   610 | D:1      | Reached ** piety under Trog
   713 | D:1      | Reached XP level 3. HP: 23/23 MP: 3/3
  1559 | D:2      | Reached XP level 4. HP: 28/28 MP: 4/4
  1586 | D:3      | Found a sacrificial altar of Ru.
  1713 | D:3      | Found Osezuen's Antique Weapon Shoppe.
  1728 | D:3      | Reached skill level 5 in Maces & Flails
  1728 | D:3      | Found an opulent altar of Gozag.
  1747 | D:3      | Reached *** piety under Trog
  1748 | D:3      | Reached XP level 5. HP: 7/32 MP: 5/5
  2649 | D:3      | Found a faded altar of an unknown god.
  2866 | D:4      | Reached XP level 6. HP: 31/37 MP: 6/6
  2883 | D:3      | Slain by an orc priest

Illustrated notes

Levels and vault maps discovered:
D:1:      saegor_arrival_simple_d, layout_loops_ring, st_stairs_9,
          minmay_nonomino_d4
D:2:      layout_rooms
D:3:      minmay_diamond_boxcup, layout_basic,
          chequers_temple_overflow_statue_of_worship, serial_shops,
          shop_fountains, shapermc_ecumenical_altar_mp_vishouse,
          kennysheep_generic_room_16
D:4:      layout_cave_pools

Skill      XL: |  1  2  3  4 |
---------------+-------------+-----
Maces & Flails | 4 5 |  5.8
Armour         | 3 |  3.6
Fighting       | |  3.2
Dodging        | |  1.5

Action                   |  1- 3 |  4- 6 || total
-------------------------+-------+-------++-------
Melee: Mace              |   140 |   132 ||   272
Invok: Berserk           |     1 |     3 ||     4
       Trog's Hand       |       |     1 ||     1
  Use: Potion            |       |     7 ||     7
       Scroll            |       |     2 ||     2
 Stab: Sleeping          |     1 |       ||     1
Armor: Animal skin       |    11 |       ||    11
       Chain mail        |    61 |   127 ||   188
Dodge: Dodged            |    80 |   107 ||   187
Block: Other             |    41 |       ||    41
       Reflection        |     2 |       ||     2
